 Dungeon Crawl Stone Soup version 0.28.0-53-g5a82cb258f (webtiles) character file.

Game seed: 8759653415539148248

39 MiltankisOP the Chopper (level 3, 0/29 HPs)
             Began as a Barachi Monk on July 13, 2022.
             Succumbed to an adder's poison
             ... on level 2 of the Dungeon.
             The game lasted 00:01:29 (1108 turns).

MiltankisOP the Chopper (Barachi Monk)              Turns: 1108, Time: 00:01:29

Health: 0/29       AC:  5    Str: 12    XL:     3   Next: 45%
Magic:  3/3        EV: 12    Int: 10    God:
Gold:   49         SH:  0    Dex: 16    Spells: 2/2 levels left

rFire   + . .      SeeInvis .   a - +0 hand axe
rCold   . . .      Faith    .   (no shield)
rNeg    . . .      Spirit   .   g - +2 leather armour {rF+}
rPois   .          Reflect  .   (no helmet)
rElec   .          Harm     .   (no cloak)
rCorr   .          Rampage  .   (no gloves)
Will    .....                   (no boots)
Stlth   ++........              (no amulet)
HPRegen 0.09/turn               (no ring)
MPRegen 0.08/turn               (no ring)

@: mighty, lethally poisoned (0 -> -1), flying, slow
A: amphibious, slowness 1, strong legs 1, +LOS
a: Hop


You were on level 2 of the Dungeon.
You visited 1 branch of the dungeon, and saw 2 of its levels.

You collected 49 gold pieces.

Inventory:

Hand Weapons
 a - a +0 hand axe (weapon)
Armour
 b - a +0 robe
 g - a +2 leather armour of fire resistance (worn)
Scrolls
 c - a scroll of identify {unknown}
 d - a scroll of teleportation {unknown}
Potions
 h - a potion of haste {unknown}


   Skills:
 - Level 3.6 Fighting
 + Level 4.8 Axes
 - Level 3.3 Dodging
 - Level 1.8 Stealth


You had 2 spell levels left.
You didn't know any spells.
Your spell library was empty.

Dungeon Overview and Level Annotations

Branches:
Dungeon (2/15)

Altars:


Innate Abilities, Weirdness & Mutations

You are amphibious.
You cover ground slowly.
You can hop short distances.
You have an extended range of vision and can be seen from far away.


Message History

The adder is almost dead.
You feel sick. The adder bites you. The adder barely misses you.
You are too injured to fight recklessly!
You are too injured to fight recklessly!
You are too injured to fight recklessly!
You are too injured to fight recklessly!
You are too injured to fight recklessly!
You hit the adder.
You kill the adder!
You hit the endoplasm.
You feel sick.
The endoplasm hits you but does no damage.
The hobgoblin closely misses you.
You hit the endoplasm but do no damage.
The endoplasm is lightly wounded.
You hit the hobgoblin.
You feel sick. The endoplasm freezes you.
You are frozen.
The hobgoblin barely misses you.
You barely miss the endoplasm.
The endoplasm is lightly wounded.
You closely miss the hobgoblin.
You feel sick.
The endoplasm hits you but does no damage.
The hobgoblin hits you but does no damage.
You hit the endoplasm.
The endoplasm is severely wounded.
You hit the hobgoblin.
You kill the hobgoblin!
You feel sick.
The kobold throws a stone.
The stone hits you but does no damage. The endoplasm freezes you.
You are frozen.
* * * LOW HITPOINT WARNING * * *
It was a potion of might.
You feel very mighty all of a sudden.
* * * LOW HITPOINT WARNING * * *
You feel sick.
The kobold throws a stone.
The stone barely misses you. The endoplasm barely misses you.
It was a potion of flight.
You feel very buoyant.
You fly up into the air.
You die...

.. ≈≈≈≈≈≈.#
#. ≈.≈≈.≈.#
##. .≈≈≈≈.♣#
.. ≈≈≈≈K≈.
#.##≈.≈.≈≈
#....♣.≈ ..
#.....♣♣....
###..†......#
#..<@J.....#
#..#####.....
..... ..
.....#.# ....
.. ... .#. ..
♣.. . ♣ . ..


You could see an endoplasm and a kobold.

Vanquished Creatures
  An adder (D:2)
  A dart slug (D:1)
  3 ball pythons (D:1)
  A giant cockroach (D:1)
  A goblin (D:1)
  4 hobgoblins
  4 jackals (D:1)
  2 quokkas (D:1)
  3 bats (D:1)
  A frilled lizard (D:1)
  A kobold (D:1)
  5 rats (D:1)
27 creatures vanquished.

Notes
Turn   | Place    | Note
-------+----------+-------------------------------------------
     0 | D:1      | MiltankisOP the Barachi Monk began the quest for the Orb.
     0 | D:1      | Reached XP level 1. HP: 18/18 MP: 1/1
   312 | D:1      | Reached XP level 2. HP: 24/24 MP: 2/2
   331 | D:1      | Reached skill level 4 in Axes
   730 | D:1      | Reached XP level 3. HP: 29/29 MP: 3/3
  1107 | D:2      | HP: 1/29 [poisoned by an adder]
  1108 | D:2      | Succumbed to an adder's poison

Illustrated notes

Levels and vault maps discovered:
D:1:      lightli_arrival_flooded_house, layout_basic,
          hangedman_decor_peaks_small, minmay_pentomino_v4
D:2:      layout_basic, serial_bayou, serial_bayou_pond_b, serial_bayou_shore_b,
          serial_bayou_pond_b, serial_bayou_lagoon_b, serial_bayou_pond_a,
          kennysheep_decorative_pillar

Skill      XL: |  1  2 |
---------------+-------+-----
Axes           | 4 |  4.8
Fighting       | |  3.6
Dodging        | |  3.3
Stealth        | |  1.8

Action                   || total
-------------------------++-------
Melee: Hand axe          ||    75
       Punch             ||     2
  Use: Potion            ||     2
 Stab: Sleeping          ||     2
Armor: Robe              ||     8
       Leather armour    ||     7
Dodge: Dodged            ||    67
